 Dungeon Crawl Stone Soup version 0.25.1-2-g60ff931df9 (webtiles) character file.

Game seed: 1457626305485540645

762 Exodus22XD the Poker (level 7, -2/53 HPs)
             Began as a Demonspawn Gladiator on Oct 31, 2020.
             Slain by a bullfrog (6 damage)
             ... on level 6 of the Dungeon.
             The game lasted 00:04:24 (4541 turns).

Exodus22XD the Poker (Demonspawn Gladiator)         Turns: 4541, Time: 00:04:25

Health: -2/53      AC:  4    Str: 16    XL:     7   Next: 51%
Magic:  7/7        EV: 17    Int:  9    God:
Gold:   175        SH:  0    Dex: 15    Spells: 6/6 levels left

rFire    . . .     SeeInvis .   a - +0 trident
rCold    . . .     Gourm    .   (no shield)
rNeg     . . .     Faith    +   b - +0 leather armour
rPois    .         Spirit   .   c - +0 helmet
rElec    .         Reflect  .   (no cloak)
rCorr    .         Harm     .   (no gloves)
MR       .....                  (no boots)
Stlth    ++........             t - amulet of faith
HPRegen  0.17/turn              x - +4 ring of evasion
MPRegen  0.10/turn              (no ring)

@: mighty
A: claws 2
a: no special abilities


You were on level 6 of the Dungeon.
You were not hungry.

You visited 1 branch of the dungeon, and saw 6 of its levels.

You collected 175 gold pieces.

Inventory:

Hand Weapons
 a - a +0 trident (weapon)
Missiles
 d - 3 throwing nets (quivered)
Armour
 b - a +0 leather armour (worn)
 c - a +0 helmet (worn)
Jewellery
 t - an amulet of faith (around neck)
 x - a +4 ring of evasion (left claw)
Wands
 y - a wand of disintegration (13)
 B - a wand of paralysis (10)
Scrolls
 e - 2 scrolls of teleportation {unknown}
 g - 2 scrolls of blinking {unknown}
 h - 8 scrolls of identify {unknown}
 j - 4 scrolls of remove curse {unknown}
 l - 2 scrolls of amnesia {unknown}
 m - 2 scrolls of fog {unknown}
 n - a scroll of fear {unknown}
 o - 2 scrolls of magic mapping {unknown}
 u - a scroll of enchant weapon {unknown}
 A - a scroll of random uselessness {unknown}
 D - 3 scrolls of immolation {unknown}
Potions
 i - a potion of degeneration {unknown}
 k - a potion of resistance {unknown}
 p - a potion of magic {unknown}
 q - a potion of mutation {unknown}
 r - a potion of curing {unknown}
 s - a potion of berserk rage {unknown}
 v - 2 potions of heal wounds {unknown}
 w - 2 potions of might
 z - 2 potions of flight {unknown}
 C - a potion of stabbing {unknown}
Comestibles
 f - 10 rations


   Skills:
 + Level 3.7 Fighting
 + Level 6.1 Polearms
 - Level 1.7 Throwing
 + Level 2.5 Armour
 + Level 3.8 Dodging
 + Level 1.5 Stealth


You had 6 spell levels left.
You didn't know any spells.
Your spell library contained the following spells:

 Spells                   Type           Power        Failure   Level  Hunger
 Corona                   Hex            #......      43%         1    ##.....
 Ensorcelled Hibernation  Hex/Ice        #.....       58%         2    ###....
 Confusing Touch          Hex            #.......     82%         3    ####...
 Dazzling Flash           Conj/Hex       #.....       82%         3    ####...
 Tukima's Dance           Hex            #.......     82%         3    ####...


Dungeon Overview and Level Annotations

Branches:
Dungeon (6/15)
 Temple: D:4-7

Altars:
Ashenzari


Innate Abilities, Weirdness & Mutations

You have very sharp fingernails.


Message History

The bullfrog misses you.
You eat one of the 11 rations.
That ration really hit the spot!
The bullfrog hits you but does no damage.
You hit the bullfrog.
The bullfrog is severely wounded.
The bullfrog hits you.
* * * LOW HITPOINT WARNING * * *
The bullfrog hits you but does no damage.
You barely miss the bullfrog.
The bullfrog is severely wounded.
The bullfrog completely misses you. The bullfrog hits you!
* * * LOW HITPOINT WARNING * * *
It was a potion of might.
You feel very mighty all of a sudden. The bullfrog closely misses you.
You miss the bullfrog.
The bullfrog is severely wounded.
The bullfrog hits you.
You die...

.#..# ....# #####
#### ######... ##
#.. ...# #.. ..#
...#
###.#####.##.##.#
#........).!. #F#
#.#.......# #@#
#.........#####.#
##..#............#
##....<....#.....#
..........)......#
##.........#.....#
###......###.....#
#.#.##.# #######
#.#....#


You could see a bullfrog.

Vanquished Creatures
  A sky beast (D:6)
  2 phantoms (D:5)
  A scorpion (D:5)
  A howler monkey (D:5)
  A crimson imp (D:5)
  A bullfrog zombie (D:5)
  A centaur zombie (D:4)
  2 hounds (D:5)
  A centaur skeleton (D:5)
  An iguana (D:5)
  A worker ant (D:4)
  A worker ant zombie (D:6)
  8 adders
  An adder zombie (D:6)
  A worm (D:2)
  2 dart slugs (D:2)
  A leopard gecko (D:2)
  6 orcs
  4 giant cockroaches
  7 goblins
  11 hobgoblins
  6 jackals
  2 quokkas (D:4)
  2 ball pythons
  6 bats
  8 frilled lizards
  4 kobolds
  A quokka skeleton (D:5)
  10 rats
94 creatures vanquished.

Notes
Turn   | Place    | Note
-------+----------+-------------------------------------------
     0 | D:1      | Exodus22XD the Demonspawn Gladiator began the quest for the
                  | Orb.
     0 | D:1      | Reached XP level 1. HP: 16/16 MP: 1/1
    89 | D:1      | Found a shattered altar of Ashenzari.
   190 | D:1      | Gained mutation: You have sharp fingernails. [demonic
                  | ancestry]
   190 | D:1      | Reached XP level 2. HP: 22/22 MP: 2/2
   317 | D:1      | Reached skill level 3 in Polearms
   528 | D:2      | Reached skill level 1 in Stealth
   770 | D:2      | Reached XP level 3. HP: 27/27 MP: 3/3
  1352 | D:2      | Reached XP level 4. HP: 24/34 MP: 4/4
  1370 | D:2      | Reached skill level 1 in Armour
  2943 | D:4      | Reached skill level 4 in Polearms
  2943 | D:4      | Reached XP level 5. HP: 38/39 MP: 5/5
  3414 | D:5      | Entered Level 5 of the Dungeon
  3477 | D:5      | Reached XP level 6. HP: 33/46 MP: 6/6
  3732 | D:5      | Reached skill level 5 in Polearms
  4067 | D:5      | Gained mutation: You have very sharp fingernails. [demonic
                  | ancestry]
  4067 | D:5      | Reached XP level 7. HP: 48/52 MP: 7/7
  4476 | D:6      | Reached skill level 6 in Polearms
  4541 | D:6      | Slain by a bullfrog

Illustrated notes

Levels and vault maps discovered:
D:1:      heliophobic_arrival_dark_side_of_the_moon, layout_rooms,
          ashenzari_altar_1
D:2:      layout_basic
D:3:      layout_loops_ring
D:4:      layout_basic, first_ration
D:5:      layout_rooms
D:6:      layout_loops_cross, minmay_temple_entry_trees,
          chequers_serial_rivers_micro_e, chequers_serial_rivers_micro_b

Skill      XL: |  1  2  3  4  5  6  7 |
---------------+----------------------+-----
Polearms       | 3 4 5 6 |  6.1
Dodging        | 3 |  3.8
Stealth        | 1 |  1.5
Armour         | 1 2 |  2.5
Fighting       | 3 |  3.7
Throwing       | |  1.7

Action                   |  1- 3 |  4- 6 |  7- 9 || total
-------------------------+-------+-------+-------++-------
Melee: Trident           |   131 |   281 |    68 ||   480
  Use: Potion            |       |       |     1 ||     1
 Stab: Sleeping          |     4 |     1 |       ||     5
  Eat: Chunk             |     2 |     8 |       ||    10
       Ration            |       |       |     1 ||     1
Armor: Leather armour    |    39 |    57 |    10 ||   106
Dodge: Dodged            |    92 |   188 |    58 ||   338
